TOP OF THE 1ST |
Minnesota (NYP) Twins batting - Pitching for Aberdeen Ironbirds : RHP Yuji Higashi
|
Pitching: RHP Yuji Higashi
|
|
Batting: RHB Caleb Bockmann
|
0-0: Ground out 5-3 (Groundball, 56, EV 87.5 MPH)
|
Batting: RHB Fhil Mikrakin
|
0-0: SINGLE (Groundball, 56D, EV 98.1 MPH)
|
Batting: LHB Hector Olvera
|
0-0: Called Strike Fhil Mikrakin steals 2nd base 0-1: Called Strike 0-2: Ball 1-2: Ball 2-2: Reached on error, E5 (Groundball, 56, EV 81.9 MPH) Fhil Mikrakin to third
|
Batting: RHB Nate Matson
|
0-0: Called Strike 0-1: Called Strike 0-2: Strikes out swinging
|
Batting: LHB Marvin Shepherd
|
Pickoff Throw to First - Out! 1-3
|
Top of the 1st over - 0 runs, 1 hit, 1 error, 1 left on base; Minnesota (NYP) 0 - Aberdeen 0 |
BOTTOM OF THE 1ST |
Aberdeen Ironbirds batting - Pitching for Minnesota (NYP) Twins : LHP Ricky Lopez
|
Pitching: LHP Ricky Lopez
|
|
Batting: LHB Danny Schultz
|
0-0: Foul Ball, location: 2F 0-1: Ball 1-1: Ball 2-1: Ball 3-1: Foul Ball, location: 2F 3-2: Foul Ball, location: 2F 3-2: Foul Ball, location: 2F 3-2: Foul Ball, location: 2F 3-2: SINGLE (Groundball, 56S, EV 75.6 MPH) (infield hit)
|
Batting: SHB Eric Kelley
|
0-0: Called Strike 0-1: Foul Ball, location: 2F 0-2: Foul Ball, location: 2F 0-2: Ball 1-2: Strikes out swinging
|
Batting: LHB Jeremy Nuzzo
|
0-0: Called Strike 0-1: Ball 1-1: Ball 2-1: Ball 3-1: Foul Ball, location: 2F 3-2: Fly out, F9 (Flyball, 9D, EV 106.9 MPH)
|
Batting: RHB Chris McGuirk
|
Pickoff Play to 1st, Runner tries for 2nd, OUT after rundown.
|
Bottom of the 1st over - 0 runs, 1 hit, 0 errors, 0 left on base; Minnesota (NYP) 0 - Aberdeen 0 |
TOP OF THE 2ND |
Minnesota (NYP) Twins batting - Pitching for Aberdeen Ironbirds : RHP Yuji Higashi
|
Batting: LHB Marvin Shepherd
|
0-0: Ball 1-0: Swinging Strike 1-1: Fly out, F5 (Popup, 56S, EV 80.6 MPH)
|
Batting: RHB Chris Bejarano
|
0-0: Ball 1-0: Ball 2-0: Ground out 4-3 (Groundball, 4, EV 84.4 MPH)
|
Batting: LHB Ben Roth
|
0-0: Foul Ball, location: 2F 0-1: Swinging Strike 0-2: Ground out 5-3 (Groundball, 56, EV 79.4 MPH)
|
Top of the 2nd over - 0 runs, 0 hits, 0 errors, 0 left on base; Minnesota (NYP) 0 - Aberdeen 0 |
BOTTOM OF THE 2ND |
Aberdeen Ironbirds batting - Pitching for Minnesota (NYP) Twins : LHP Ricky Lopez
|
Batting: RHB Chris McGuirk
|
0-0: Ball 1-0: Ground out 4-3 (Groundball, 4, EV 91.9 MPH)
|
Batting: SHB Shannon Britten
|
0-0: Called Strike 0-1: Ball 1-1: Ground out 5-3 (Groundball, 56S, EV 83.8 MPH)
|
Batting: RHB Johnny Lowe
|
0-0: Ball 1-0: Ball 2-0: Swinging Strike 2-1: SINGLE (Groundball, 34D, EV 103.8 MPH)
|
Batting: RHB Luis Roman
|
0-0: Ground out 4-3 (Groundball, 4, EV 78.1 MPH)
|
Bottom of the 2nd over - 0 runs, 1 hit, 0 errors, 1 left on base; Minnesota (NYP) 0 - Aberdeen 0 |
TOP OF THE 3RD |
Minnesota (NYP) Twins batting - Pitching for Aberdeen Ironbirds : RHP Yuji Higashi
|
Batting: RHB Fernando Bravo
|
0-0: Ball 1-0: Ball 2-0: Ball 3-0: Base on Balls
|
Batting: LHB Jose Hilario
|
0-0: Called Strike 0-1: Foul Ball, location: 2F 0-2: Ball 1-2: Ball 2-2: Ball 3-2: Base on Balls Fernando Bravo to second
|
Batting: RHB Caleb Bockmann
|
0-0: Ball 1-0: Called Strike 1-1: Ball 2-1: DOUBLE (Flyball, 78XD, EV 92.5 MPH) Fernando Bravo scores Jose Hilario to third
|
Batting: RHB Fhil Mikrakin
|
0-0: Swinging Strike 0-1: Fly out, F9 (Line Drive, 9LM, EV 89.4 MPH)
|
Batting: LHB Hector Olvera
|
0-0: Fly out, F5 (Popup, 15, EV 91.9 MPH)
|
Batting: RHB Nate Matson
|
0-0: Ball 1-0: Called Strike 1-1: Ball 2-1: Called Strike 2-2: Foul Ball, location: 2F 2-2: Foul Ball, location: 2F 2-2: Ball 3-2: Fly out, F8 (Flyball, 8RM, EV 91.2 MPH)
|
Top of the 3rd over - 1 run, 1 hit, 0 errors, 2 left on base; Minnesota (NYP) 1 - Aberdeen 0 |
BOTTOM OF THE 3RD |
Aberdeen Ironbirds batting - Pitching for Minnesota (NYP) Twins : LHP Ricky Lopez
|
Batting: RHB Carlos Teniente
|
0-0: Called Strike 0-1: Ball 1-1: Ground out 6-3 (Groundball, 6, EV 85.6 MPH)
|
Batting: LHB Edwin Cabral
|
0-0: Ground out 4-3 (Groundball, 34D, EV 105.0 MPH)
|
Batting: LHB Danny Schultz
|
0-0: Swinging Strike 0-1: Swinging Strike 0-2: Strikes out looking
|
Bottom of the 3rd over - 0 runs, 0 hits, 0 errors, 0 left on base; Minnesota (NYP) 1 - Aberdeen 0 |
TOP OF THE 4TH |
Minnesota (NYP) Twins batting - Pitching for Aberdeen Ironbirds : RHP Yuji Higashi
|
Batting: LHB Marvin Shepherd
|
0-0: Ball 1-0: Called Strike 1-1: Swinging Strike 1-2: Foul Ball, location: 2F 1-2: Strikes out swinging
|
Batting: RHB Chris Bejarano
|
0-0: Ball 1-0: SINGLE (Groundball, 5S, EV 71.9 MPH) (infield hit)
|
Batting: LHB Ben Roth
|
0-0: Ball Chris Bejarano steals 2nd base 1-0: Ball 2-0: Foul Ball, location: 2F 2-1: Foul Ball, location: 2F 2-2: Ball 3-2: Foul Ball, location: 2F 3-2: Hit by Pitch
|
Batting: RHB Fernando Bravo
|
0-0: Ball 1-0: Called Strike 1-1: Ball 2-1: Fielders Choice at 2nd, 5-4 (Groundball, 56S, EV 86.2 MPH) Chris Bejarano to third
|
Batting: LHB Jose Hilario
|
0-0: Fly out, F3 (Popup, 34S, EV 75.0 MPH)
|
Top of the 4th over - 0 runs, 1 hit, 0 errors, 2 left on base; Minnesota (NYP) 1 - Aberdeen 0 |
BOTTOM OF THE 4TH |
Aberdeen Ironbirds batting - Pitching for Minnesota (NYP) Twins : LHP Ricky Lopez
|
Batting: SHB Eric Kelley
|
0-0: Foul Ball, location: 2F 0-1: Ball 1-1: Ball 2-1: Foul Ball, location: 2F 2-2: Ball 3-2: Strikes out swinging
|
Batting: LHB Jeremy Nuzzo
|
0-0: Ball 1-0: Foul Ball, location: 2F 1-1: Ball 2-1: Ball 3-1: Base on Balls
|
Batting: RHB Chris McGuirk
|
0-0: Called Strike 0-1: Ball 1-1: Called Strike 1-2: Ball 2-2: Foul Ball, location: 2F 2-2: Ball 3-2: Base on Balls Jeremy Nuzzo to second
|
Batting: SHB Shannon Britten
|
0-0: Foul Ball, location: 2F 0-1: Ball 1-1: Swinging Strike 1-2: Foul Ball, location: 2F 1-2: Foul Ball, location: 2F 1-2: Strikes out swinging
|
Batting: RHB Johnny Lowe
|
0-0: Foul Ball, location: 2F 0-1: Ball 1-1: Foul Ball, location: 2F 1-2: Hit by Pitch Jeremy Nuzzo to third Chris McGuirk to second
|
Batting: RHB Luis Roman
|
0-0: Fly out, F3 (Popup, 3F, EV 81.2 MPH)
|
Bottom of the 4th over - 0 runs, 0 hits, 0 errors, 3 left on base; Minnesota (NYP) 1 - Aberdeen 0 |
TOP OF THE 5TH |
Minnesota (NYP) Twins batting - Pitching for Aberdeen Ironbirds : RHP Yuji Higashi
|
Batting: RHB Caleb Bockmann
|
0-0: Ball 1-0: Called Strike 1-1: Swinging Strike 1-2: Strikes out looking
|
Batting: RHB Fhil Mikrakin
|
0-0: Ball 1-0: Ball 2-0: DOUBLE (Line Drive, 9LD, EV 104.4 MPH)
|
Batting: LHB Hector Olvera
|
0-0: Called Strike 0-1: Ball 1-1: Ball 2-1: Foul Ball, location: 2F 2-2: Foul Ball, location: 2F 2-2: Ball 3-2: Base on Balls
|
Batting: RHB Nate Matson
|
0-0: Ball 1-0: Grounds into double play, 4-6-3 (Groundball, 4, EV 100.0 MPH)
|
Top of the 5th over - 0 runs, 1 hit, 0 errors, 1 left on base; Minnesota (NYP) 1 - Aberdeen 0 |
BOTTOM OF THE 5TH |
Aberdeen Ironbirds batting - Pitching for Minnesota (NYP) Twins : LHP Ricky Lopez
|
Batting: RHB Carlos Teniente
|
0-0: Ball 1-0: DOUBLE (Groundball, 5L, EV 106.9 MPH)
|
Batting: LHB Edwin Cabral
|
0-0: Ball 1-0: Called Strike 1-1: Called Strike 1-2: Foul Ball, location: 2F 1-2: Ball 2-2: Ground out 6-3 (Groundball, 6M, EV 82.5 MPH) Carlos Teniente to third
|
Batting: LHB Danny Schultz
|
0-0: Ball Balk! Carlos Teniente scores 1-0: Ball 2-0: SINGLE (Line Drive, 4M, EV 98.8 MPH)
|
Batting: SHB Eric Kelley
|
0-0: Ball 1-0: SINGLE (Flyball, 89S, EV 93.1 MPH) Danny Schultz to second Runner from 2nd tries for 3rd, SAFE, throw by RF made to third
|
Batting: LHB Jeremy Nuzzo
|
0-0: DOUBLE (Line Drive, 9LD, EV 100.6 MPH) Danny Schultz scores Eric Kelley to third Runner from 3rd tries for Home, SAFE, no throw by RF
|
Pitching: RHP Larry Muttart
|
|
Batting: RHB Chris McGuirk
|
0-0: Ball 1-0: Ball 2-0: Called Strike 2-1: Called Strike 2-2: Strikes out looking
|
Batting: SHB Shannon Britten
|
0-0: Ball 1-0: Ball 2-0: Ball 3-0: Base on Balls
|
Batting: RHB Johnny Lowe
|
0-0: Ball 1-0: Called Strike 1-1: SINGLE (Groundball, 6MD, EV 102.5 MPH) Jeremy Nuzzo to third Shannon Britten to second Runner from 3rd tries for Home, throw by CF and OUT! 8-2
|
Bottom of the 5th over - 3 runs, 5 hits, 0 errors, 2 left on base; Minnesota (NYP) 1 - Aberdeen 3 |
TOP OF THE 6TH |
Minnesota (NYP) Twins batting - Pitching for Aberdeen Ironbirds : RHP Yuji Higashi
|
Batting: LHB Marvin Shepherd
|
0-0: Ball 1-0: Foul Ball, location: 2F 1-1: Called Strike 1-2: Ball 2-2: Ball 3-2: Foul Ball, location: 2F 3-2: Base on Balls
|
Pitching: RHP Rich Hensley
|
|
Batting: RHB Chris Bejarano
|
0-0: Ground out 6-3 (Groundball, P, EV 95.0 MPH) Marvin Shepherd to second
|
Batting: LHB Ben Roth
|
0-0: Ball 1-0: Swinging Strike 1-1: Ball 2-1: Swinging Strike 2-2: Ball 3-2: Base on Balls
|
Batting: RHB Fernando Bravo
|
0-0: Called Strike 0-1: Ball 1-1: Foul Ball, location: 2F 1-2: Foul Ball, location: 2F 1-2: Hit by Pitch Marvin Shepherd to third Ben Roth to second
|
Batting: LHB Jose Hilario
|
0-0: Ball 1-0: Swinging Strike 1-1: Fly out, F9 (Flyball, 9LDF, EV 100.0 MPH) Runner from 3rd tags up, SCORES, no throw by RF
|
Batting: RHB Caleb Bockmann
|
0-0: Swinging Strike 0-1: SINGLE (Groundball, 56S, EV 69.4 MPH) (infield hit) Ben Roth to third Fernando Bravo to second
|
Batting: RHB Fhil Mikrakin
|
0-0: Foul Ball, location: 2F 0-1: Ball 1-1: Swinging Strike 1-2: Strikes out looking
|
Top of the 6th over - 1 run, 1 hit, 0 errors, 3 left on base; Minnesota (NYP) 2 - Aberdeen 3 |
BOTTOM OF THE 6TH |
Aberdeen Ironbirds batting - Pitching for Minnesota (NYP) Twins : RHP Larry Muttart
|
Batting: RHB Luis Roman
|
0-0: Called Strike 0-1: Ground out 6-3 (Groundball, 6MS, EV 85.6 MPH)
|
Batting: RHB Carlos Teniente
|
0-0: Called Strike 0-1: Ball 1-1: Swinging Strike 1-2: Ball 2-2: Ball 3-2: SINGLE (Groundball, 34D, EV 94.4 MPH)
|
Batting: LHB Edwin Cabral
|
0-0: Ball 1-0: Ball 2-0: Called Strike Balk! Carlos Teniente to second 2-1: Ground out 4-3 (Groundball, 4D, EV 104.4 MPH) Carlos Teniente to third
|
Batting: LHB Danny Schultz
|
0-0: Swinging Strike 0-1: Ball 1-1: Swinging Strike Passed Ball! Carlos Teniente scores 1-2: Strikes out swinging
|
Bottom of the 6th over - 1 run, 1 hit, 0 errors, 0 left on base; Minnesota (NYP) 2 - Aberdeen 4 |
TOP OF THE 7TH |
Minnesota (NYP) Twins batting - Pitching for Aberdeen Ironbirds : RHP Rich Hensley
|
Batting: LHB Hector Olvera
|
0-0: Called Strike 0-1: Ball 1-1: Ball 2-1: Swinging Strike 2-2: Strikes out swinging
|
Batting: RHB Nate Matson
|
0-0: Foul Ball, location: 2F 0-1: DOUBLE (Line Drive, 5D, EV 98.8 MPH)
|
Batting: LHB Marvin Shepherd
|
0-0: Ball 1-0: Ball 2-0: Fly out, F9 (Flyball, 9, EV 83.8 MPH)
|
Batting: RHB Chris Bejarano
|
0-0: Ball 1-0: Swinging Strike 1-1: Swinging Strike 1-2: Ball 2-2: Ball 3-2: Foul Ball, location: 2F 3-2: Strikes out looking
|
Top of the 7th over - 0 runs, 1 hit, 0 errors, 1 left on base; Minnesota (NYP) 2 - Aberdeen 4 |
BOTTOM OF THE 7TH |
Aberdeen Ironbirds batting - Pitching for Minnesota (NYP) Twins : RHP Larry Muttart
|
Batting: SHB Eric Kelley
|
0-0: Ball 1-0: Called Strike 1-1: Foul Ball, location: 2F 1-2: Fly out, F9 (Flyball, 9LD, EV 108.1 MPH)
|
Batting: LHB Jeremy Nuzzo
|
0-0: Called Strike 0-1: Ground out 4-3 (Groundball, 4, EV 105.0 MPH)
|
Batting: RHB Chris McGuirk
|
0-0: Ball 1-0: Ball 2-0: Ball 3-0: Base on Balls
|
Pitching: RHP Takeshi Kusanagi
|
|
Batting: SHB Shannon Britten
|
0-0: Called Strike 0-1: Swinging Strike 0-2: Strikes out swinging
|
Bottom of the 7th over - 0 runs, 0 hits, 0 errors, 1 left on base; Minnesota (NYP) 2 - Aberdeen 4 |
TOP OF THE 8TH |
Minnesota (NYP) Twins batting - Pitching for Aberdeen Ironbirds : RHP Rich Hensley
|
Pitching: LHP Fadeuka Aleev
|
|
Batting: LHB Ben Roth
|
0-0: Ball 1-0: Foul Ball, location: 2F 1-1: Ball 2-1: Ball 3-1: Base on Balls
|
Pitching: RHP Justin Swanson
|
|
Batting: RHB Fernando Bravo
|
0-0: Ball 1-0: Called Strike 1-1: Swinging Strike 1-2: Foul Ball, location: 2F 1-2: Foul Ball, location: 2F 1-2: Foul Ball, location: 2F 1-2: Fly out, F7 (Line Drive, 7S, EV 92.5 MPH)
|
Batting: LHB Jose Hilario
|
0-0: Ball 1-0: Foul Ball, location: 2F 1-1: Swinging Strike 1-2: Ball 2-2: Strikes out looking
|
Batting: RHB Caleb Bockmann
|
0-0: Called Strike 0-1: Fielders Choice at 2nd, 6-4 (Groundball, 6, EV 85.6 MPH)
|
Top of the 8th over - 0 runs, 0 hits, 0 errors, 1 left on base; Minnesota (NYP) 2 - Aberdeen 4 |
BOTTOM OF THE 8TH |
Aberdeen Ironbirds batting - Pitching for Minnesota (NYP) Twins : RHP Takeshi Kusanagi
|
Batting: RHB Johnny Lowe
|
0-0: Foul Ball, location: 2F 0-1: Foul Ball, location: 2F 0-2: Ball 1-2: Hit by Pitch
|
Batting: RHB Luis Roman
|
Balk! Johnny Lowe to second 0-0: Called Strike 0-1: Ball 1-1: Swinging Strike 1-2: Strikes out swinging
|
Batting: RHB Carlos Teniente
|
0-0: Intentional Walk
|
Batting: LHB Edwin Cabral
|
0-0: Ball 1-0: Foul Ball, location: 2F 1-1: Called Strike 1-2: Strikes out swinging
|
Batting: LHB Danny Schultz
|
0-0: Ball 1-0: Swinging Strike 1-1: Ball 2-1: Foul Ball, location: 2F 2-2: Foul Ball, location: 2F 2-2: Ball 3-2: Strikes out looking
|
Bottom of the 8th over - 0 runs, 0 hits, 0 errors, 2 left on base; Minnesota (NYP) 2 - Aberdeen 4 |
TOP OF THE 9TH |
Minnesota (NYP) Twins batting - Pitching for Aberdeen Ironbirds : RHP Justin Swanson
|
Batting: RHB Fhil Mikrakin
|
0-0: Fly out, F8 (Flyball, 8RS, EV 92.5 MPH)
|
Batting: LHB Hector Olvera
|
0-0: Called Strike 0-1: DOUBLE (Line Drive, 9LM, EV 106.2 MPH)
|
Batting: RHB Nate Matson
|
0-0: Ball Passed Ball! Hector Olvera to third 1-0: Ball 2-0: Ball 3-0: Called Strike 3-1: Foul Ball, location: 2F 3-2: Base on Balls
|
Batting: LHB Marvin Shepherd
|
0-0: Ball 1-0: Foul Ball, location: 2F 1-1: Ball 2-1: Called Strike 2-2: Ball 3-2: Fly out, F7 (Flyball, 7S, EV 77.5 MPH)
|
Batting: RHB Chris Bejarano
|
0-0: Ball 1-0: Ball 2-0: Foul Ball, location: 2F 2-1: Fielders Choice at 2nd, 6-4 (Groundball, 6, EV 105.0 MPH)
|
Top of the 9th over - 0 runs, 1 hit, 0 errors, 2 left on base; Minnesota (NYP) 2 - Aberdeen 4 |
|